 Dungeon Crawl Stone Soup version 0.25-a0-353-ged6d54792d (webtiles) character file.

Game seed: 13271783529965893402, levelgen mode: classic

119 Borgoz the Slasher (level 4, -3/57 HPs)
             Began as a Minotaur Gladiator on Jan 1, 2020.
             Slain by Sigmund
             ... wielding a +0 scythe
              (10 damage)
             ... on level 2 of the Dungeon.
             The game lasted 00:02:09 (1343 turns).

Borgoz the Slasher (Minotaur Gladiator)             Turns: 1343, Time: 00:02:10

Health: -3/57      AC:  7    Str: 24 (25) XL:     4   Next: 73%
Magic:  3/3        EV: 11    Int:  9 (10) God:
Gold:   131        SH:  0    Dex:  9 (11) Spells: 3/3 levels left

rFire    . . .     SeeInvis .   a - +0 long sword
rCold    . . .     Gourm    .   (no shield)
rNeg     . . .     Faith    .   e - +0 scale mail
rPois    .         Spirit   .   c - +0 hat
rElec    .         Reflect  .   (no cloak)
rCorr    .         Harm     .   (no gloves)
MR       .....                  h - +0 pair of boots
Stlth    ..........             (no amulet)
HPRegen  0.19/turn              (no ring)
MPRegen  0.08/turn              (no ring)

@: brilliant, berserking, very quick
A: retaliatory headbutt, horns 2
a: no special abilities


You were on level 2 of the Dungeon.
You were hungry.

You visited 1 branch of the dungeon, and saw 2 of its levels.

You collected 131 gold pieces.

Inventory:

Hand Weapons
 a - a +0 long sword (weapon)
Missiles
 d - 3 throwing nets (quivered)
Armour
 c - a +0 hat (worn)
 e - a +0 scale mail (worn)
 h - a +0 pair of boots (worn)
Scrolls
 b - a scroll of teleportation {unknown}
 k - 2 scrolls of enchant weapon {unknown}
 m - a scroll of identify {unknown}
 n - a scroll of magic mapping {unknown}
Potions
 g - a potion of brilliance
 i - a potion of flight {unknown}
 j - 2 potions of degeneration
 l - a potion of cancellation {unknown}
Comestibles
 f - a ration
 p - 6 chunks of flesh


   Skills:
 + Level 3.4 Fighting
 * Level 5.0 Long Blades
 - Level 2.0 Throwing
 + Level 2.1 Armour
 + Level 4.0 Dodging


You had 3 spell levels left.
You didn't know any spells.
Your spell library was empty.

Dungeon Overview and Level Annotations

Branches:
Dungeon (2/15)

Altars:
Wu Jian
The Shining One

Annotations:
D:2 1 runed translucent door, Crazy Yiuf, Sigmund


Innate Abilities, Weirdness & Mutations

You reflexively headbutt those who attack you in melee.
You have a pair of horns on your head.


Message History

The adder bites you. x2
* * * LOW HITPOINT WARNING * * *
Something hits you but does no damage.
It was a potion of brilliance.
You feel clever all of a sudden.
You are feeling hungry.
The adder bites you but does no damage.
It was a potion of degeneration.
There was something very wrong with that liquid.
You feel weakened.
You feel dopey.
You feel clumsy. The adder bites you.
* * * LOW HITPOINT WARNING * * *
Something hits you.
* * * LOW HITPOINT WARNING * * *
It was a potion of berserk rage.
A red film seems to cover your vision as you go berserk!
You feel yourself moving faster!
You feel mighty! The adder bites you.
* * * LOW HITPOINT WARNING * * *
The adder bites you but does no damage. Something hits you!
You die...

.#..#.### ### #.##.## #.#
####### #.#### #.# #.# #####
# #.# #.... .. ## #.# ###...
..####.# #.# #.....
......#.## ####.#### #.#...
#.#.#...#r###.......# #.....
.........g)S@.#####.# #.####
.#.#.#.#####.# #.####..# #
J....(..# #.# #.......# #
#.#.#.... #.# #.#####.###
....... #.#####.# #...†
#.#...... #......)#######.#
....>.............).)......#
....#.##.####.########.######
...... .# ###..###


You could see an adder, a quokka and a hobgoblin.

Vanquished Creatures
  Jessica (D:2)
  Robin (D:2)
  3 adders (D:2)
  An ooze (D:2)
  A worm (D:2)
  3 leopard geckos (D:1)
  8 bats
  A giant cockroach (D:2)
  8 goblins
  7 hobgoblins
  2 jackals (D:1)
  A kobold (D:1)
  A frilled lizard (D:1)
  9 rats
47 creatures vanquished.

Notes
Turn   | Place    | Note
-------+----------+-------------------------------------------
     0 | D:1      | Borgoz the Minotaur Gladiator began the quest for the Orb.
     0 | D:1      | Reached XP level 1. HP: 18/18 MP: 0/0
    93 | D:1      | Reached XP level 2. HP: 25/25 MP: 1/1
   111 | D:1      | Reached skill level 4 in Long Blades
   217 | D:1      | Reached skill level 1 in Armour
   514 | D:1      | Reached XP level 3. HP: 30/30 MP: 2/2
   762 | D:2      | Found a runed translucent door.
   763 | D:2      | Noticed Crazy Yiuf
   949 | D:2      | Found a glowing golden altar of the Shining One.
  1042 | D:2      | Noticed Jessica
  1059 | D:2      | Killed Jessica
  1059 | D:2      | Reached XP level 4. HP: 15/38 MP: 3/3
  1063 | D:2      | Found an ornate altar of the Wu Jian Council.
  1275 | D:2      | Noticed Robin
  1291 | D:2      | Killed Robin
  1291 | D:2      | Reached skill level 5 in Long Blades
  1320 | D:2      | Noticed Sigmund
  1343 | D:2      | Slain by Sigmund

Levels and vault maps discovered:
D:1:      saegor_arrival_simple_b, layout_basic, kennysheep_minor_cross
D:2:      layout_loops_ring, lemuel_crystal_altar,
          lemuel_coloured_pillars_altar, st_stairs_2,
          minmay_misc_feat_diagonals, uniq_robin, uniq_crazy_yiuf_cottage,
          uniq_sigmund, uniq_jessica

Skill      XL: |  1  2  3  4 |
---------------+-------------+-----
Long Blades    | 4 5 |  5.0
Armour         | 1 2 |  2.1
Fighting       | 3 |  3.4
Dodging        | 4 |  4.0
Throwing       | |  2.0

Action                   |  1- 3 |  4- 6 || total
-------------------------+-------+-------++-------
Melee: Long sword        |    70 |    24 ||    94
       Headbutt          |    13 |     5 ||    18
  Use: Potion            |       |     3 ||     3
  Eat: Chunk             |       |     1 ||     1
Armor: Leather armour    |    10 |       ||    10
       Scale mail        |    25 |    24 ||    49
Dodge: Dodged            |    51 |    17 ||    68
       Rpst.: Long sword |    12 |     1 ||    13

Table legend:
 A = Non-vault XP
 B = Vault XP
 C = Vault XP percentage of total XP
 D = Non-vault monster count
 E = Vault monster count
 F = Vault count percentage of total count
                 A         B        C        D         E       F
            +---------+---------+-------+---------+---------+-------
      Total |      97 |      73 |  42.9 |      36 |      11 |  23.4
            +---------+---------+-------+---------+---------+-------
        D:1 |      42 |       0 |   0.0 |      24 |       0 |   0.0
        D:2 |      55 |      73 |  57.0 |      12 |      11 |  47.8
            +---------+---------+-------+---------+---------+-------
